 Dungeon Crawl Stone Soup version 0.28.0-53-g5a82cb258f (webtiles) character file.

Game seed: 17684589724691076803

12239 funkygono the Protected (level 11, -1/97 HPs)
             Began as a Minotaur Hunter on July 7, 2022.
             Was a Priest of Okawaru.
             Slain by an orc warrior
             ... wielding a +0 long sword
              (7 damage)
             ... on level 9 of the Dungeon.
             The game lasted 00:29:55 (12630 turns).

funkygono the Protected (Minotaur Hunter)          Turns: 12630, Time: 00:29:55

Health: -1/97      AC: 22    Str: 20    XL:     11   Next: 59%
Magic:  12/13      EV:  9    Int:  4    God:    Okawaru [***...]
Gold:   404        SH:  6    Dex: 10    Spells: 10/10 levels left

rFire   + . .      SeeInvis .   a - +0 long sword
rCold   + + .      Faith    .   v - +0 buckler
rNeg    . . .      Spirit   .   H - +0 plate armour {rC+}
rPois   +          Reflect  .   (helmet restricted)
rElec   +          Harm     .   e - +0 cloak
rCorr   .          Rampage  .   h - +0 pair of gloves
Will    +....                   m - +0 pair of boots of Vues {Fly rElec rC+ Will+ Int-4}
Stlth   ..........              (no amulet)
HPRegen 0.26/turn               z - ring of poison resistance
MPRegen 0.13/turn               t - ring of protection from fire

@: lethally poisoned (-1 -> -8), heroic, marked, flying, studying Translocations
A: horns 2, retaliatory headbutt, clumsy 1, deterioration 1
a: Renounce Religion, Heroism


You were on level 9 of the Dungeon.
You worshipped Okawaru.
Okawaru was most pleased with you.
You visited 2 branches of the dungeon, and saw 11 of its levels.

You collected 426 gold pieces.
You spent 22 gold pieces at shops.

Inventory:

Hand Weapons
 a - a +0 long sword (weapon)
 b - a +2 vorpal hand crossbow
 i - a +1 hand crossbow of freezing
 u - a +0 short sword
 w - a +0 arbalest
 B - a +0 whip of freezing
 E - a +1 hand crossbow
 G - the +6 dagger "Meedwazxe" {holy, Contam Will+ Str+4}
   (You took it off a gnoll on level 10 of the Dungeon)

   It has been blessed by the Shining One to cause great damage to the undead
   and demons.
   Str:       It affects your strength (+4).
   Contam:    It causes magical contamination when unequipped.
   Will:      It increases your willpower.
 K - a +2 dagger of freezing
Missiles
 d - 130 bolts
 J - 2 throwing nets
Armour
 e - a +0 cloak (worn)
 f - a +0 chain mail
 h - a +0 pair of gloves (worn)
 m - the +0 pair of boots of Vues (worn) {Fly rElec rC+ Will+ Int-4}
   (You acquired it on level 7 of the Dungeon)

   Int:       It affects your intelligence (-4).
   rC:        It protects you from cold.
   rElec:     It insulates you from electricity.
   Fly:       It grants you flight.
   Will:      It increases your willpower.
 p - a +0 plate armour
 v - a +0 buckler (worn)
 H - a +0 plate armour of cold resistance (worn)
Magical Staves
 k - a staff of earth
Jewellery
 j - an amulet of faith
 n - a ring of wizardry
 t - a ring of protection from fire (right hand)
 x - a ring of wizardry
 z - a ring of poison resistance (left hand)
Wands
 o - a wand of polymorph (14)
 C - a wand of iceblast (7)
 D - a wand of flame (11)
Scrolls
 q - 2 scrolls of teleportation
 s - a scroll of fog
 y - a scroll of identify
 A - a scroll of magic mapping
 F - 2 scrolls of enchant weapon {unknown}
Potions
 c - 6 potions of curing
 g - 3 potions of brilliance
 l - a potion of mutation
 r - a potion of resistance
 I - a potion of berserk rage {unknown}


   Skills:
 + Level 9.2(14.2) Fighting
 + Level 7.2(12.5) Short Blades
 + Level 3.1(10.9) Long Blades
 + Level 10.9(15.9) Crossbows
 + Level 11.6(16.6) Armour
 + Level 3.4(8.4) Dodging
 + Level 1.8(6.8) Stealth
 + Level 6.4(11.4) Shields
 + Level 4.3 Invocations
 + Level 0.5 Evocations


You had 10 spell levels left.
You didn't know any spells.
Your spell library contained the following spells:

 Spells                   Type           Power      Damage    Failure   Level
 Pain                     Necr           0%         1d4       100%        1
 Sublimation of Blood     Necr           0%         N/A       100%        2
 Wereblood                Tmut           0%         N/A       100%        2
 Confusing Touch          Hex            0%         N/A       100%        3
 Agony                    Necr           0%         N/A       100%        5
 Excruciating Wounds      Necr           0%         N/A       100%        5
 Yara's Violent Unravell  Hex/Tmut       0%         3d3       100%        5
 Enfeeble                 Hex            0%         N/A       100%        7
 Summon Hydra             Summ           Unusable   N/A       N/A         7

Dungeon Overview and Level Annotations

Branches:
Dungeon (10/15)            Temple (1/1) D:5            Lair (0/6) D:10
    Orc: D:9-12

Altars:
Ashenzari
Cheibriados
Dithmenos
Fedhas
Gozag
Hepliaklqana
Kikubaaqudgha
Makhleb
Nemelex Xobeh
Okawaru
Qazlal
Ru
Sif Muna
Uskayaw
Vehumet
Wu Jian
Xom
Yredelemnul
Zin
The Shining One

Shops:
D:1 ?   D:7 !   D:8 ?   D:9 (


Innate Abilities, Weirdness & Mutations

You have a pair of horns on your head.
You reflexively headbutt those who attack you in melee.
You are clumsy. (Dex -2)
Your body sometimes deteriorates upon taking damage.


Message History

The orc warrior closely misses you.
The orc warrior hits you with a +0 long sword.
* * * LOW HITPOINT WARNING * * *
Unknown command.
You hit the orc warrior.
The orc warrior is severely wounded.
The orc hits you with a +4 hand axe of venom.
* * * LOW HITPOINT WARNING * * *
You block the orc warrior's attack. The orc warrior barely misses you.
You furiously retaliate!
You headbutt the orc warrior, but do no damage.
You hit the orc warrior but do no damage.
You headbutt the orc warrior.
The orc warrior is almost dead.
The orc hits you but does no damage.
The orc warrior hits you but does no damage.
The orc warrior hits you with a +0 long sword.
* * * LOW HITPOINT WARNING * * *
You slash the orc warrior!
You kill the orc warrior!
Okawaru accepts your kill. The orc hits you but does no damage.
The orc warrior hits you but does no damage.
The orc hits you with a +4 hand axe of venom.
* * * LOW HITPOINT WARNING * * *
The orc warrior barely misses you.
Things that are here:
a +0 hand axe; a +0 plate armour Unknown command.
You hit the orc warrior.
The orc warrior is lightly wounded.
The orc hits you but does no damage.
You are lethally poisoned!
The orc warrior hits you but does no damage.
You slash the orc warrior!
The orc warrior is heavily wounded.
* * * LOW HITPOINT WARNING * * *
You feel sick. The orc hits you but does no damage.
The orc warrior hits you with a +0 long sword!
You die...

#.....#####+#.......# #
#..#..#.....#.......# #
#..#..#.....#.......# #
#.....#.....#.......#######
#.....#.....####+####.....#
#.....#............#......#
#.###.'.......<....#......#
#.###.#...o.##.....#......#
#.....#...@>##.....##.....'
#.....#...o)##.....##.....#
#.###.#....)..............#
##########.[..............#
##8## #................#
#8... #..##)##..########
#.... #..##.##..####...#
_... #......#.....>...#
#......+..........


You could see an orc warrior and an orc.

Vanquished Creatures
  4 two-headed ogres
  A tengu warrior (D:9)
  Pikel (D:8)
  A harpy (D:9)
  An orc knight (D:10)
  2 cyclopes (D:9)
  2 vault sentinels (D:9)
  2 gargoyles (D:10)
  2 yaks (D:9)
  2 wraiths (D:10)
  3 wyverns
  2 vampire mosquitoes (D:9)
  3 water moccasins
  9 orc warriors
  2 sky beasts
  An ogre (D:6)
  2 black bears (D:10)
  2 ice beasts
  A necrophage (D:4)
  3 centaurs
  A lemure (D:8)
  2 kobold brigands
  5 bullfrogs
  2 scorpions
  A gnoll sergeant (D:10)
  A wyvern zombie (D:8)
  17 killer bees
  A wight (D:9)
  4 electric eels (D:10)
  A bullfrog zombie (D:7)
  5 hounds
  2 centaur zombies (D:9)
  3 jellies
  A gnoll shaman (D:10)
  3 orc priests
  3 iguanas
  7 orc wizards (D:9)
  A killer bee zombie (D:6)
  A howler monkey zombie (D:9)
  10 adders
  9 gnolls
  A white imp (D:4)
  An adder zombie (D:4)
  An adder skeleton (D:5)
  3 worms
  2 dart slugs
  22 orcs
  5 bats
  6 endoplasms
  A giant cockroach (D:2)
  11 goblins
  5 hobgoblins
  8 jackals
  3 quokkas
  8 ball pythons
  5 frilled lizards
  13 kobolds
  4 rats (D:1)
225 creatures vanquished.

Vanquished Creatures (others)
  40 fungi (D:10)
  43 plants
83 creatures vanquished.

Grand Total: 308 creatures vanquished

Notes
Turn   | Place    | Note
-------+----------+-------------------------------------------
     0 | D:1      | funkygono the Minotaur Hunter began the quest for the Orb.
     0 | D:1      | Reached XP level 1. HP: 18/18 MP: 0/0
   358 | D:1      | Reached XP level 2. HP: 25/25 MP: 1/1
   494 | D:1      | Reached skill level 5 in Crossbows
   620 | D:1      | Reached skill level 1 in Armour
   816 | D:1      | Reached XP level 3. HP: 6/30 MP: 2/2
  1076 | D:1      | Found Jasam's Magic Scroll Emporium.
  1091 | D:1      | Bought a scroll of identify for 22 gold pieces
  1591 | D:2      | Found a faded altar of an unknown god.
  2079 | D:2      | Reached XP level 4. HP: 37/37 MP: 3/3
  2232 | D:3      | You fall into a shaft and drop 1 floor!
  2406 | D:4      | Reached skill level 1 in Short Blades
  2597 | D:4      | Reached skill level 2 in Armour
  2685 | D:4      | Reached XP level 5. HP: 44/44 MP: 4/4
  2695 | D:4      | Noticed a centaur
  2731 | D:4      | Killed a centaur
  3033 | D:4      | Found a shadowy altar of Dithmenos.
  3086 | D:4      | Reached XP level 6. HP: 51/51 MP: 5/5
  3489 | D:5      | Entered Level 5 of the Dungeon
  3526 | D:4      | Reached skill level 3 in Armour
  3862 | D:5      | Found a staircase to the Ecumenical Temple.
  3897 | Temple   | Entered the Ecumenical Temple
  3920 | Temple   | Became a worshipper of Warmaster Okawaru
  4088 | D:5      | Reached skill level 4 in Armour
  4088 | D:5      | Reached XP level 7. HP: 58/58 MP: 6/6
  5150 | D:6      | Found a sparkling altar of Nemelex Xobeh.
  5650 | D:6      | Reached skill level 5 in Armour
  5650 | D:6      | Reached skill level 1 in Stealth
  5758 | D:6      | Reached * piety under Okawaru
  5759 | D:6      | Reached XP level 8. HP: 26/67 MP: 7/7
  6011 | D:7      | Found a shimmering altar of Xom.
  6147 | D:7      | Reached skill level 5 in Fighting
  6326 | D:7      | Reached skill level 6 in Armour
  6583 | D:7      | Reached ** piety under Okawaru
  6619 | D:7      | Found Hesahiut's Distillery.
  6909 | D:7      | Identified a scroll of acquirement
  6909 | D:7      | Acquired the +0 pair of boots of Vues {Fly rElec rC+ Will+
                  | Int-4}
  6946 | D:7      | Reached skill level 7 in Armour
  7007 | D:8      | Reached skill level 1 in Shields
  7242 | D:8      | Found Uvysam's Magic Scroll Emporium.
  7285 | D:8      | Reached XP level 9. HP: 72/75 MP: 8/8
  7702 | D:8      | Noticed Pikel
  7724 | D:8      | Killed Pikel
  7724 | D:8      | Reached *** piety under Okawaru
  7725 | D:8      | Reached skill level 8 in Armour
  7803 | D:8      | Noticed a two-headed ogre
  7816 | D:8      | Killed a two-headed ogre
  7816 | D:8      | Reached **** piety under Okawaru
  7817 | D:8      | Reached skill level 5 in Short Blades
  7817 | D:8      | Reached skill level 10 in Crossbows
  7817 | D:8      | Reached skill level 1 in Invocations
  8320 | D:9      | Reached skill level 9 in Armour
  8402 | D:9      | Noticed a cyclops
  8408 | D:9      | Noticed a cyclops
  8410 | D:9      | Killed a cyclops
  8410 | D:9      | Received a gift from Okawaru
  8411 | D:9      | Reached XP level 10. HP: 77/86 MP: 6/10
  8433 | D:9      | Killed a cyclops
  8718 | D:9      | Noticed a two-headed ogre
  8722 | D:9      | Killed a two-headed ogre
  8729 | D:9      | Found a stormy altar of Qazlal.
  9031 | D:9      | Received a gift from Okawaru
  9478 | D:9      | Noticed a two-headed ogre
  9489 | D:9      | Killed a two-headed ogre
  9489 | D:9      | Received a gift from Okawaru
  9490 | D:9      | Reached skill level 10 in Armour
  9490 | D:9      | Reached skill level 5 in Shields
  9666 | D:9      | Noticed a harpy
  9668 | D:9      | Noticed a tengu warrior
  9676 | D:9      | Killed a harpy
  9716 | D:9      | Killed a tengu warrior
  9717 | D:9      | Reached XP level 11. HP: 10/95 MP: 10/12
 10132 | D:9      | Found Jeaph's Antique Weapon Shoppe.
 10540 | D:10     | Entered Level 10 of the Dungeon
 10569 | D:10     | Found a staircase to the Lair.
 10634 | D:10     | Received a gift from Okawaru
 10943 | D:10     | Identified the +6 dagger "Meedwazxe" {holy, Contam Will+
                  | Str+4}
 10993 | D:10     | HP: 3/95 [gargoyle/+0 mace (16)]
 11005 | D:10     | Reached skill level 11 in Armour
 11024 | D:10     | Gained mutation: Your body sometimes deteriorates upon
                  | taking damage. [mutagenic glow]
 11054 | D:10     | Gained mutation: You are clumsy. (Dex -2) [mutagenic glow]
 11682 | D:10     | Noticed an orc knight
 11698 | D:10     | Received a gift from Okawaru
 12070 | D:10     | Found a hide-covered altar of Uskayaw.
 12104 | D:10     | Killed an orc knight
 12458 | D:9      | Reached skill level 1 in Long Blades
 12600 | D:10     | Noticed a two-headed ogre
 12610 | D:10     | Killed a two-headed ogre
 12610 | D:10     | Received a gift from Okawaru
 12630 | D:9      | Slain by an orc warrior

Illustrated notes

Levels and vault maps discovered:
D:1:      co_arrival_random_square_maze, layout_loops_corners, serial_shops,
          shop_fountains, nicolae_grassy_gnolls
D:2:      layout_rooms, serial_corexii_hall, corexii_hall_statues_l,
          chequers_hall_statues_wall_a, hellmonk_ecumenical_altar_blasted,
          kennysheep_generic_room_9
D:3:      layout_basic
D:4:      minmay_chambers_of_fours, layout_basic,
          nicolae_dithmenos_the_darkroom, minmay_manual_mail
D:5:      layout_loops_ring, minmay_temple_entry_grid
D:6:      layout_layer_cave, mainiacjoe_overflow_cross_hatched,
          kennysheep_small_spiral
D:7:      kennysheep_six_static_rooms, layout_rooms,
          mainiacjoe_overflow_boulevard, serial_shops, shop_statue
D:8:      layout_basic, serial_shops, nicolae_take_the_stairs, uniq_pikel
D:9:      nzn_winding_woodlands_medium [nzn_winding_woodlands_5x5_open_star,
          nzn_winding_woodlands_5x15_longhouse,
          nzn_winding_woodlands_5x5_default, nzn_winding_woodlands_hourglass,
          nzn_winding_woodlands_center_diamonds,
          nzn_winding_woodlands_5x5_checkerboard,
          nzn_winding_woodlands_5x5_closed_star,
          nzn_winding_woodlands_5x15_pockets,
          nzn_winding_woodlands_5x5_perimeter], layout_stronghold,
          nicolae_overflow_hidden_temple, serial_shops, nicolae_square_shop,
          kb_rosetta
D:10:     layout_basic, lemuel_tele_altar, elyvilon_altar_4,
          due_lair_maze_entry_diamond, david_orc_5, hellmonk_guarded_unrand_gong
Temple:   regret_index_temple_waves

Skill      XL: |  1  2  3  4  5  6  7  8  9 10 11 |
---------------+----------------------------------+-----
Crossbows      | 5 6 7 8 9 10 | 10.9
Armour         | 1 2 4 5 7 9 10 11 | 11.6
Short Blades   | 1 2 3 4 5 6 7 |  7.2
Fighting       | 3 4 6 7 8 9 |  9.2
Stealth        | 1 |  1.8
Shields        | 2 3 5 6 |  6.4
Invocations    | 1 3 4 |  4.3
Dodging        | 3 |  3.4
Long Blades    | 3 |  3.1
Evocations     | |  0.5

Action                   |  1- 3 |  4- 6 |  7- 9 | 10-12 || total
-------------------------+-------+-------+-------+-------++-------
Melee: Short sword       |    36 |    43 |       |       ||    79
       Headbutt          |     6 |    15 |    41 |   110 ||   172
       Dagger            |       |    61 |   195 |   322 ||   578
       Punch             |       |     1 |       |       ||     1
       Hand crossbow     |       |       |       |    41 ||    41
       Long sword        |       |       |       |    61 ||    61
 Fire: Hand crossbow     |    46 |    73 |   101 |   102 ||   322
Invok: Heroism           |       |       |     9 |    35 ||    44
Evoke: Wand              |       |       |       |     5 ||     5
  Use: Scroll            |     3 |     5 |    11 |     1 ||    20
       Potion            |       |       |     1 |     4 ||     5
 Stab: Invisible         |       |       |       |     1 ||     1
Armor: Leather armour    |    11 |       |       |       ||    11
       Chain mail        |     6 |    10 |       |       ||    16
       Plate armour      |       |    91 |   107 |   218 ||   416
Dodge: Dodged            |    20 |    48 |    70 |   139 ||   277
Block: Buckler           |       |       |    38 |    97 ||   135
